Map: Dusty Gorge

Players

LOADBLASTER - Winner!

  • Race: Terran Terran
  • League: Master
  • Spawn Location: 5:00

PureLegacy - Winner!

  • Race: Terran Terran
  • Spawn Location: 3:00

Morpheus

  • Race: Terran Terran
  • Spawn Location: 9:00

sWARmKING

  • Race: Zerg Zerg
  • Spawn Location: 11:00

VOD

Have the link to the VOD?

Description

Time

  • Played on: Nov. 26, 2018, 2:32 p.m.
  • Length: 3:24
Show
View Real Time Build Order
Export as new Build Order

LOADBLASTER Terran - Winner!

Build Orders:  

Get SALT Encoding   

  12  0:01  SCV  
  13  0:13  SCV  
  14  0:19  Supply Depot  
  14  0:25  SCV  
  15  0:31  Refinery  
  15  0:41  SCV  
  16  0:46  Barracks  
  16  0:53  SCV  
  17  1:02  Refinery  
  17  1:05  SCV  
  18  1:17  SCV  
  19  1:34  Barracks Reactor, Orbital Command  
  19  1:39  Factory  
  19  1:46  Supply Depot  
  19  1:49  Supply Depot  
  19  2:01  SCV  
  20  2:11  Marine x2  
  23  2:25  Hellion, Bunker  
  23  2:26  Bunker  
  23  2:29  Marine x2  
  26  2:46  Starport  
  26  2:47  Hellion  
  26  2:48  Marine  
  26  2:49  Marine  
  30  2:56  Supply Depot  
  30  3:00  SCV  
Show
View Real Time Build Order
Export as new Build Order

PureLegacy Terran - Winner!

Build Orders:  

Get SALT Encoding   

  12  0:01  SCV  
  13  0:13  SCV  
  14  0:17  Supply Depot  
  14  0:26  SCV  
  15  0:31  Refinery  
  15  0:39  SCV  
  16  0:45  Barracks  
  16  0:51  SCV  
  17  1:02  Barracks  
  17  1:18  Barracks  
  17  1:20  SCV  
  18  1:39  Reaper  
  19  1:41  Orbital Command  
  19  1:48  Refinery  
  19  1:50  Reaper  
  20  2:04  Supply Depot  
  20  2:13  Reaper  
  20  2:14  Reaper  
  22  2:20  SCV  
  23  2:27  Bunker  
  23  2:31  Reaper  
  24  2:43  Barracks  
  24  2:47  Barracks  
  24  2:50  Reaper  
  25  2:51  Reaper  
  28  3:24  Supply Depot  
Show
View Real Time Build Order
Export as new Build Order

Morpheus Terran 

Build Orders:  

Get SALT Encoding   

  12  0:01  SCV  
  13  0:13  SCV  
  14  0:22  Supply Depot  
  14  0:25  SCV  
  15  0:48  SCV  
  16  1:05  SCV  
  17  1:12  Barracks  
  17  1:15  Barracks  
  17  1:16  Barracks  
  17  1:18  SCV  
  18  1:30  SCV  
  19  1:36  Barracks  
  19  1:43  SCV  
  20  2:03  Marine x3  
  20  2:07  Supply Depot  
  23  2:27  Supply Depot  
  23  2:28  Marine x3  
  23  2:42  Marine  
  22  2:46  Marine x3  
  25  2:59  Marine  
Show
View Real Time Build Order
Export as new Build Order

sWARmKING Zerg 

Build Orders: Hatch First 

Get SALT Encoding   

  12  0:04  Drone  
  13  0:12  Overlord  
  13  0:29  Drone  
  15  0:50  Drone  
  15  0:52  Drone, Hatchery  
  15  1:10  Spawning Pool  
  14  1:14  Drone  
  15  1:41  Drone, Hatchery  
  15  1:46  Drone  
  16  1:57  Overlord  
  16  2:01  Overlord  
  16  2:14  Zergling x6  
  19  2:30  Zergling x4  
  19  2:31  Zergling x2  
  19  2:34  Queen  
  24  2:40  Zergling x4  
  25  3:07  Zergling x6  
Tags
 
Add a new tag
Caveats
  • Supply blocks, unpowered buildings, or Contaminate may cause inaccurate times.
  • Supply counts are checked every 10 seconds.